 Dungeon Crawl Stone Soup version 0.20.1-1-g8b1a95d (webtiles) character file.

4608 kaze the Cleaver (level 10, -2/91 HPs)
             Began as a Hill Orc Berserker on Sept 8, 2017.
             Was an Elder of Trog.
             Slain by a big kobold
             ... wielding a +2 falchion of flaming
              (3 damage)
             ... on level 9 of the Dungeon.
             The game lasted 00:14:56 (7532 turns).

kaze the Cleaver (Hill Orc Berserker)               Turns: 7532, Time: 00:14:56

Health: -2/91      AC: 16    Str: 22    XL:     10   Next: 42%
Magic:  10/10      EV:  8    Int:  7    God:    Trog [****..]
Gold:   85         SH:  0    Dex: 15    Spells: 9/9 levels left

rFire    . . .     SeeInvis .   A - +0 mace of a Spat {freeze, Dex+5}
rCold    . . .     Gourm    .   (no shield)
rNeg     . . .     Faith    .   y - +0 plate armour
rPois    .         Spirit   .   x - +0 helmet
rElec    .         Reflect  .   (no cloak)
rCorr    .         Harm     .   p - +0 pair of gloves
MR       .....                  (no boots)
Stlth    ..........             (no amulet)
Regen    0.3/turn               (no ring)
MPRegen  0.2/turn               (no ring)

@: berserk cooldown, slowed, very slow
A: mutation resistance 1, weak 1
a: Berserk, Trog's Hand, Brothers in Arms, Burn Spellbooks, Renounce Religion


You were on level 9 of the Dungeon.
You worshipped Trog.
Trog was greatly pleased with you.
You were very hungry.

You visited 1 branch of the dungeon, and saw 9 of its levels.

You collected 531 gold pieces.
You spent 446 gold pieces at shops.

Inventory:

Hand Weapons
 a - a +0 hand axe
 n - the +4 trident of Deelir {drain, +Inv rPois}
   (You bought it in a shop on level 7 of the Dungeon)

   A truly terrible weapon, it drains the life of those it strikes.
   It protects you from poison.
   It lets you turn invisible.
 A - the +0 mace of a Spat (weapon) {freeze, Dex+5}
   (You bought it in a shop on level 8 of the Dungeon)

   It has been specially enchanted to freeze those struck by it, causing extra
   injury to most foes and up to half again as much damage against particularly
   susceptible opponents.
   It can also slow down cold-blooded creatures.
   It affects your dexterity (+5).
Armour
 p - a +0 pair of gloves (worn)
 x - a +0 helmet (worn)
 y - a +0 plate armour (worn)
Jewellery
 c - an uncursed ring of protection from magic {unknown}
Wands
 f - a wand of disintegration (9/24)
 o - a wand of iceblast (8/15)
Scrolls
 b - a scroll of magic mapping
 e - 6 scrolls of identify
 i - 5 scrolls of remove curse
 j - 3 scrolls of fog
 q - 5 scrolls of teleportation
 r - 2 scrolls of immolation
 t - 2 scrolls of fear
 u - a scroll of summoning {unknown}
Potions
 d - 5 potions of curing
 m - 2 potions of lignification
Books
 l - a book of Minor Magic

   Spells                             Type                      Level
   a - Magic Dart                     Conjuration                  1
   b - Blink                          Translocation                2
   c - Call Imp                       Summoning                    2
   d - Slow                           Hexes                        2
   e - Conjure Flame                  Conjuration/Fire             3
   f - Mephitic Cloud                 Conjuration/Poison/Air       3
   Trog disapproves of the use of such an item.
 w - a book of Changes

   Spells                             Type                      Level
   a - Beastly Appendage              Transmutation                1
   b - Sticks to Snakes               Transmutation                2
   c - Spider Form                    Transmutation/Poison         3
   d - Ice Form                       Ice/Transmutation            4
   e - Blade Hands                    Transmutation                5
   Trog disapproves of the use of such an item.
Comestibles
 g - a royal jelly
 h - 2 fruits
 k - 2 meat rations
 s - 2 bread rations


   Skills:
 + Level 9.3 Fighting
 + Level 9.9(11.6) Axes
 + Level 3.4(6.3) Maces & Flails
 + Level 7.4(9.2) Polearms
 + Level 8.0 Armour
 + Level 3.4 Dodging
 + Level 0.6 Stealth


You had 9 spell levels left.
You didn't know any spells.

Dungeon Overview and Level Annotations

Branches:
Dungeon (9/15)             Temple (0/1) D:6
   Lair: D:8-11         Orc: D:9-12

Altars:
Fedhas
Gozag
Kikubaaqudgha
Nemelex Xobeh
Trog
Yredelemnul

Shops:
D:7 }(   D:8 (

Annotations:
D:8 1 runed door


Innate Abilities, Weirdness & Mutations

You are somewhat resistant to further mutation.
You are weak. (Str -2)


Message History

The yak gores you but does no damage.
You hit the yak but do no damage.
The yak is moderately wounded.
The big kobold completely misses you.
The dream sheep ruffles its wool and motes of dream dust sparkle, to no effect.
The yak gores you but does no damage. The dream sheep barely misses you.
Unknown command.
You hit the yak. You freeze the yak.
The yak is moderately wounded.
The big kobold hits you but does no damage.
The yak misses you.
The dream sheep bites you but does no damage.
The big kobold barely misses you. The yak gores you.
* * * LOW HITPOINT WARNING * * *
You sock the yak! You freeze the yak.
The yak is severely wounded.
The dream sheep bites you.
* * * LOW HITPOINT WARNING * * *
The big kobold hits you with a falchion of flaming.
You die...

.. #..........##..# ..
#..............#
#.......#..#..##.######
}.###.#.............#
#########..####.
+.P≈PP#..# #≈≈≈≈P#..###
+##P≈PK≈#....#
..#...)@#.##.#
..'..%$YY.# .#
..'.P...### # %.'.%..≈#
%.#.%...# # #######


You could see a yak, a big kobold and a dream sheep.

Vanquished Creatures
  A two-headed ogre (D:8)
  Prince Ribbit (D:6)
  A dream sheep (D:9)
  A hippogriff (D:9)
  A wyvern (D:9)
  A yak (D:9)
  3 orc warriors
  2 ice beasts
  2 eyes of draining (D:8)
  2 sky beasts
  2 ogres
  3 phantoms
  2 centaurs
  3 big kobolds
  4 bullfrogs
  2 water moccasin zombies
  A scorpion (D:6)
  6 killer bees (D:7)
  A howler monkey (D:4)
  2 crimson imps
  5 hounds
  A jelly (D:7)
  An orc priest (D:3)
  A bullfrog skeleton (D:5)
  A centaur skeleton (D:5)
  2 iguanas
  2 orc wizards
  5 worker ants
  A hound zombie (D:7)
  9 adders
  A gnoll (D:8)
  A shadow imp (D:5)
  3 oozes
  2 worms
  A dart slug (D:1)
  7 leopard geckos
  15 orcs
  4 giant cockroaches
  9 goblins
  6 hobgoblins
  3 jackals (D:1)
  3 quokkas
  A ball python (D:1)
  14 bats
  4 frilled lizards
  13 kobolds
  3 rats
159 creatures vanquished.

Notes
Turn   | Place    | Note
-------+----------+-------------------------------------------
     0 | D:1      | kaze the Hill Orc Berserker began the quest for the Orb.
     0 | D:1      | Reached XP level 1. HP: 19/19 MP: 1/1
    89 | D:1      | Reached XP level 2. HP: 23/27 MP: 2/2
   589 | D:1      | Reached XP level 3. HP: 31/33 MP: 3/3
  1403 | D:1      | Reached ** piety under Trog
  1500 | D:2      | Found a basalt altar of Yredelemnul.
  1592 | D:2      | Reached skill level 5 in Axes
  1690 | D:2      | Reached XP level 4. HP: 28/41 MP: 4/4
  2889 | D:3      | Reached XP level 5. HP: 47/47 MP: 5/5
  3144 | D:4      | Noticed an ogre
  3152 | D:4      | Killed an ogre
  3152 | D:4      | Reached skill level 5 in Fighting
  3152 | D:4      | Reached XP level 6. HP: 45/56 MP: 6/6
  3641 | D:4      | Found a basalt altar of Yredelemnul.
  4180 | D:5      | Entered Level 5 of the Dungeon
  4226 | D:5      | Reached XP level 7. HP: 45/61 MP: 7/7
  4965 | D:6      | Reached skill level 5 in Armour
  4965 | D:6      | Reached XP level 8. HP: 12/70 MP: 8/8
  5153 | D:6      | Noticed Prince Ribbit
  5191 | D:6      | Found a staircase to the Ecumenical Temple.
  5370 | D:6      | Found a glowing drain.
  5544 | D:6      | Reached *** piety under Trog
  5882 | D:6      | Killed Prince Ribbit
  5983 | D:7      | Found Hudexzaedgh's Antique Weapon Boutique.
  6016 | D:7      | Bought a brightly glowing trident for 238 gold pieces
  6016 | D:7      | Identified the +4 trident of Deelir {drain, +Inv rPois} (You bought it in a shop on level 7 of the Dungeon)
  6063 | D:7      | Reached skill level 1 in Polearms
  6175 | D:7      | Reached XP level 9. HP: 53/79 MP: 9/9
  6231 | D:7      | Found a sparkling altar of Nemelex Xobeh.
  6458 | D:7      | Found a blossoming altar of Fedhas.
  6555 | D:7      | Found Ihonick's Gadget Boutique.
  6616 | D:8      | Found an opulent altar of Gozag.
  6627 | D:8      | Found an ancient bone altar of Kikubaaqudgha.
  6981 | D:8      | Reached skill level 5 in Polearms
  6987 | D:8      | Gained mutation: Your flesh is cold resistant. (rC+) [mutagenic meat]
  6988 | D:8      | Gained mutation: You are resistant to hostile enchantments. (MR+) [mutagenic meat]
  6996 | D:8      | Found a bloodstained altar of Trog.
  7122 | D:8      | Found Uwaf's Antique Weapon Emporium.
  7130 | D:8      | Bought an ichor-stained mace for 208 gold pieces
  7130 | D:8      | Identified the cursed +0 mace of a Spat {freeze, Dex+5} (You bought it in a shop on level 8 of the Dungeon)
  7145 | D:8      | Noticed a two-headed ogre
  7146 | D:8      | Found a runed door.
  7146 | D:8      | Noticed a sixfirhy
  7154 | D:8      | Killed a two-headed ogre
  7154 | D:8      | Reached skill level 1 in Maces & Flails
  7154 | D:8      | Reached XP level 10. HP: 75/90 MP: 10/10
  7275 | D:8      | Lost mutation: You are resistant to hostile enchantments. (MR+) [potion of mutation]
  7275 | D:8      | Lost mutation: Your flesh is cold resistant. (rC+) [potion of mutation]
  7275 | D:8      | Gained mutation: You are somewhat resistant to further mutation. [potion of mutation]
  7275 | D:8      | Gained mutation: You are weak. (Str -2) [potion of mutation]
  7456 | D:9      | Reached **** piety under Trog
  7532 | D:9      | HP: 1/91 [dream sheep (5)]
  7532 | D:9      | Slain by a big kobold

Skill      XL: |  1  2  3  4  5  6  7  8  9 10 |
---------------+-------------------------------+-----
Fighting       | 4 5 6 7 8 9 |  9.3
Dodging        | 2 3 |  3.4
Axes           | 5 6 7 8 9 |  9.9
Armour         | 3 4 5 6 7 8 |  8.0
Polearms       | 1 7 |  7.4
Maces & Flails | 1 3 |  3.4
Stealth        | |  0.6

Action                   |  1- 3 |  4- 6 |  7- 9 | 10-12 || total
-------------------------+-------+-------+-------+-------++-------
Melee: Hand axe          |   121 |   216 |   238 |       ||   575
       Trident           |       |       |   185 |       ||   185
       Mace              |       |       |    10 |    79 ||    89
Invok: Berserk           |       |     5 |     8 |     2 ||    15
       Trog's Hand       |       |     3 |     7 |       ||    10
  Use: Scroll            |       |     3 |     9 |       ||    12
       Potion            |       |     1 |    13 |     4 ||    18
  Eat: Chunk             |     2 |     5 |    12 |       ||    19
       Bread ration      |       |     2 |     2 |       ||     4
       Royal jelly       |       |       |       |     2 ||     2
Armor: Animal skin       |    30 |       |       |       ||    30
       Ring mail         |     3 |    73 |    36 |       ||   112
       Plate armour      |       |       |   284 |    82 ||   366
Dodge: Dodged            |    95 |   140 |   196 |    46 ||   477
